 Adventure DCSS version bcrawl-1.32 (webtiles) character file.

Game seed: 5775556531717247325

122668 Leeroy the Slasher (level 4, 26/26 HPs)
             Began as a Skeleton Skald on Aug 4, 2021.
             Quit the game on level 4 of the Dungeon.
             The game lasted 00:02:53 (1749 turns).

Leeroy the Slasher (Skeleton Skald)                 Turns: 1749, Time: 00:02:53

Health: 26/26      AC:  5    Str: 22    XL:     4   Next: 4%
Magic:  8/8        EV: 11    Int: 12    God:
Gold:   143        SH:  1    Dex:  9    Spells: 1/9 levels left
                                        Lives:  1   Deaths: 1

rFire    . . .     SeeInvis .   a - +0 long sword
rCold    + . .     Gourm    .   (no shield)
rNeg     + + +     Faith    .   e - +0 ring mail
rPois    ∞         Spirit   +   (no helmet)
rElec    .         Reflect  .   (no cloak)
rCorr    .         Harm     .   (no gloves)
MR       .....                  (no boots)
Stlth    +.........             (no amulet)
HPRegen  0.08/turn              f - +5 ring of strength
MPRegen  0.11/turn              (no ring)

@: no status effects
A: no food or potions, cold resistance 1, deterioration 1, negative energy
resistance 3, torment resistance, unbreathing, magic shield, sturdy frame 1,
spell healing
a: no special abilities


You were on level 4 of the Dungeon.
You were not hungry.

You visited 1 branch of the dungeon, and saw 4 of its levels.

You collected 143 gold pieces.

Inventory:

Hand Weapons
 a - a +0 long sword (weapon)
Armour
 b - a +0 leather armour
 e - a +0 ring mail (worn)
 l - a +0 cloak
Jewellery
 f - a +5 ring of strength (left hand)
Scrolls
 c - a scroll of immolation {unknown}
 d - a scroll of fear
 g - a scroll of remove curse {unknown}
 h - 3 scrolls of enchant weapon {unknown}
 i - a scroll of identify
 j - a scroll of magic mapping {unknown}
 k - a scroll of fog {unknown}


   Skills:
 - Level 2.0 Fighting
 + Level 6.3 Long Blades
 - Level 1.1 Armour
 - Level 2.0 Dodging
 - Level 3.0 Spellcasting
 - Level 0.2 Hexes
 - Level 3.2 Charms


You had one spell level left.
You knew the following spells:

 Your Spells              Type           Power        Failure   Level  Hunger
a - Infusion              Chrm           #.......     9%          1    N/A
b - Song of Slaying       Chrm           #.......     12%         2    N/A
c - Swiftness             Chrm/Air       #.......     24%         2    N/A
d - Spectral Weapon       Hex/Chrm       #.......     41%         3    N/A

Your spell library contained the following spells:

 Spells                   Type           Power        Failure   Level  Hunger
 Ozocubu's Armour         Chrm/Ice       #.......     43%         3    N/A
 Regeneration             Chrm/Necr      Unusable     N/A         3    N/A

Dungeon Overview and Level Annotations

Branches:
Dungeon (4/12)
 Temple: D:4-7

Altars:
Makhleb


Innate Abilities, Weirdness & Mutations

You do not eat or drink.
You are immune to poison.
Your flesh is cold resistant. (rC+)
Your body sometimes deteriorates upon taking damage.
You are immune to negative energy. (rN+++)
You are immune to unholy pain and torment.
You can survive without breathing.
When hurt, damage is shared between your health and your magic reserves.
Your movements are slightly less encumbered by armour. (ER -2)
Casting spells heals you.


Message History

You kill the orc!
The jackal bites you but does no damage.
You hit the jackal but do no damage.
Your spectral weapon closely misses the jackal.
The jackal bites you but does no damage.
The jackal closely misses you.
You closely miss the jackal.
Your spectral weapon hits the jackal but does no damage.
The jackal bites you. The iguana bites your spectral weapon!
Your spectral weapon shares its damage with you!
* * * LOW HITPOINT WARNING * * *
You barely miss the jackal.
Your spectral weapon hits the jackal!
You kill the jackal!
The iguana closely misses your spectral weapon.
The iguana bites you!
You die...
Xom reaches out...
You are now level 4!
You rejoin the land of the living...
Are you sure you want to abandon this character and quit the game? (Confirm with "yes".)

#####
.... ##..
#.#..#
#...@#
....###+#
.


There were no monsters in sight!

Vanquished Creatures
  Terence (D:2)
  A worker ant (D:2)
  2 adders (D:2)
  2 worms
  A dart slug (D:2)
  3 leopard geckos
  4 orcs
  3 giant cockroaches (D:1)
  6 goblins (D:2)
  11 hobgoblins
  3 jackals
  A quokka (D:3)
  7 bats
  2 frilled lizards
  9 kobolds
  4 rats
60 creatures vanquished.

Notes
Turn   | Place    | Note
-------+----------+-------------------------------------------
     0 | D:1      | Leeroy the Skeleton Skald began the quest for the Orb.
     0 | D:1      | Reached XP level 1. HP: 12/12 MP: 4/4
   283 | D:1      | Reached skill level 3 in Long Blades
   350 | D:1      | Reached XP level 2. HP: 17/17 MP: 6/6
   550 | D:1      | Reached skill level 4 in Long Blades
   839 | D:2      | Reached XP level 3. HP: 21/21 MP: 7/7
   843 | D:2      | Found a burning altar of Makhleb.
   865 | D:2      | Learned a level 2 spell: Song of Slaying
   868 | D:2      | Learned a level 2 spell: Swiftness
   872 | D:2      | Learned a level 3 spell: Spectral Weapon
   998 | D:2      | Noticed Terence
  1007 | D:2      | Killed Terence
  1008 | D:2      | Reached skill level 5 in Long Blades
  1012 | D:2      | Reached XP level 4. HP: 15/26 MP: 4/8
  1296 | D:2      | Found a faded altar of an unknown god.
  1391 | D:2      | Reached skill level 6 in Long Blades
  1697 | D:3      | Reached XP level 5. HP: 11/30 MP: 0/9
  1748 | D:4      | Slain by an iguana
  1749 | D:4      | Reached XP level 4. HP: -4/26 MP: 0/8
  1749 | D:4      | Quit the game

Skill      XL: |  1  2  3  4 |
---------------+-------------+-----
Long Blades    | 3 4 5 6 |  6.3
Fighting       | |  2.0
Armour         | |  1.1
Dodging        | |  2.0
Spellcasting   | |  3.0
Hexes          | |  0.2
Charms         | |  3.2

Action                   |  1- 3 |  4- 6 || total
-------------------------+-------+-------++-------
Melee: Long sword        |    84 |   104 ||   188
 Cast: Spectral Weapon   |     1 |     1 ||     2
  Use: Scroll            |       |     1 ||     1
Armor: Ring mail         |    37 |    37 ||    74
       Leather armour    |     1 |       ||     1
Dodge: Dodged            |    50 |    54 ||   104
Block: Other             |       |     1 ||     1
